 Dungeon Crawl Stone Soup version 0.17.0-28-g6e173f8 (webtiles) character file.

427 HandofTrog the Cleaver (level 6, -2/51 HPs)
             Began as a Minotaur Berserker on Dec 2, 2015.
             Was a Priest of Trog.
             Slain by an ogre
             ... wielding a +0 giant club
              (12 damage)
             ... on level 5 of the Dungeon.
             The game lasted 00:09:55 (2804 turns).

HandofTrog the Cleaver (Minotaur Berserker)         Turns: 2804, Time: 00:09:55

Health: -2/51      AC:  7    Str: 23    XL:     6   Next: 65%
Magic:  5/5        EV:  5    Int:  4    God:    Trog [***...]
Gold:   202        SH:  0    Dex: 10    Spells: 0 memorised, 5 levels left

rFire  . . .     SeeInvis .     a - +0 hand axe
rCold  . . .     Clarity  .     r - +0 scale mail
rNeg   . . .     SustAt   .     (no shield)
rPois  .         Gourm    .     (helmet restricted)
rElec  .         Spirit   .     e - +0 cloak (curse)
rCorr  .         Warding  .     (no gloves)
rMut   .         Stasis   .     (no boots)
MR     .....                    (no amulet)
Stlth  ..........               (no ring)
                                (no ring)

@: not resistant to hostile enchantments, extremely unstealthy
A: retaliatory headbutt, horns 2
a: Berserk, Trog's Hand, Burn Spellbooks, Renounce Religion


You were on level 5 of the Dungeon.
You worshipped Trog.
Trog was most pleased with you.
You were hungry.

You visited 1 branch of the dungeon, and saw 5 of its levels.

You collected 202 gold pieces.

Inventory:

Hand Weapons
 a - a +0 hand axe (weapon)
Missiles
 v - a throwing net (quivered)
Armour
 b - a +0 animal skin
 e - a cursed +0 cloak (worn)
 r - a +0 scale mail (worn)
Jewellery
 g - an uncursed amulet of stasis {unknown}
 l - an uncursed ring of protection from magic {unknown}
Scrolls
 f - 2 scrolls of teleportation {unknown}
 j - 6 scrolls of identify {unknown}
 n - a scroll of amnesia {unknown}
 p - a scroll of recharging {unknown}
 s - a scroll of magic mapping {unknown}
 t - a scroll of blinking {unknown}
 w - a scroll of fog {unknown}
Potions
 i - a potion of curing
 m - a potion of might {unknown}
 o - a potion of brilliance {unknown}
 q - a potion of flight {unknown}
 u - a potion of haste {unknown}
Comestibles
 c - 3 bread rations
 d - a royal jelly
 h - 6 fruits
 k - 2 meat rations


   Skills:
 - Level 3.6 Fighting
 + Level 9.0 Axes
 - Level 2.5 Armour
 - Level 2.5 Dodging


You had 5 spell levels left.
You didn't know any spells.

Dungeon Overview and Level Annotations

Branches:
Dungeon (5/15)
 Temple: D:4-7

Altars:
Ashenzari
Kikubaaqudgha
Makhleb
Qazlal
Ru
Yredelemnul
Zin
The Shining One

Shops:
D:5 :


Innate Abilities, Weirdness & Mutations

You reflexively headbutt those who attack you in melee.
You have a pair of horns on your head.


Message History

The centaur shoots an arrow.
The arrow hits you! The ogre barely misses you.
An adder comes into view.
You hit the ogre but do no damage. Your headbutt misses the ogre.
There is an entrance to Goanaor's Book Emporium here.
You hit the ogre. You headbutt the ogre.
The ogre is moderately wounded.
The ogre hits you but does no damage.
You hit the ogre.
The ogre is moderately wounded.
The ogre hits you with a giant club!!
* * * LOW HITPOINT WARNING * * *
Drink which item? (? for menu, Esc to quit)
It was a potion of curing.
You feel better.
The crimson imp blinks!
The centaur shoots an arrow.
The arrow closely misses you.
The centaur shoots an arrow.
The arrow hits you.
* * * LOW HITPOINT WARNING * * *
There is a stone staircase leading up here.
You see here 2 arrows.
The ogre hits you with a giant club!
You die...

#.. #.. #.. .#
#..###+###.##
#............
#.#..#.....##
#...##......#.
#####5......#...
##...@O.#.....##
......8..∩c.8....#
...########....#.#
. .......(..$.# .
#...........#
#........####
..........
..........#
...........


You could see an ogre, a centaur and a crimson imp.

Vanquished Creatures
  A scorpion (D:4)
  An orc priest (D:3)
  Crazy Yiuf (D:2)
  A hound (D:4)
  2 orc wizards (D:4)
  An iguana (D:4)
  3 worker ants
  3 gnolls (D:4)
  4 adders
  2 worms
  5 giant geckos
  5 orcs
  4 bat zombies (D:4)
  3 goblins
  6 hobgoblins
  5 jackals
  9 bats
  4 giant cockroaches
  2 giant newts
  4 kobolds
  A quokka (D:4)
  8 rats
  A rat zombie (D:4)
76 creatures vanquished.

Notes
Turn   | Place    | Note
--------------------------------------------------------------
     0 | D:1      | HandofTrog the Minotaur Berserker began the quest for the Orb.
     0 | D:1      | Reached XP level 1. HP: 19/19 MP: 0/0
   120 | D:1      | Reached XP level 2. HP: 23/26 MP: 1/1
   123 | D:1      | Reached skill level 4 in Axes
   207 | D:1      | Reached ** piety under Trog
   413 | D:1      | Found a glowing golden altar of the Shining One.
   629 | D:2      | Reached skill level 5 in Axes
   629 | D:2      | Reached XP level 3. HP: 25/31 MP: 2/2
   662 | D:2      | Found a shattered altar of Ashenzari.
   664 | D:2      | Found a stormy altar of Qazlal.
   845 | D:2      | Found a burning altar of Makhleb.
   845 | D:2      | Found a glowing silver altar of Zin.
   846 | D:2      | Noticed an angel
   846 | D:2      | Noticed a blizzard demon
  1031 | D:2      | Noticed Crazy Yiuf
  1039 | D:2      | Killed Crazy Yiuf
  1039 | D:2      | Reached skill level 6 in Axes
  1039 | D:2      | Reached XP level 4. HP: 26/39 MP: 3/3
  1648 | D:3      | Reached XP level 5. HP: 45/45 MP: 4/4
  1878 | D:4      | Reached skill level 7 in Axes
  1973 | D:4      | Reached *** piety under Trog
  1979 | D:4      | Reached skill level 8 in Axes
  1979 | D:4      | Reached XP level 6. HP: 36/51 MP: 5/5
  2394 | D:4      | Found an ancient bone altar of Kikubaaqudgha.
  2568 | D:4      | Found a basalt altar of Yredelemnul.
  2782 | D:5      | Entered Level 5 of the Dungeon
  2782 | D:5      | Found Goanaor's Book Emporium.
  2787 | D:5      | Reached skill level 9 in Axes
  2792 | D:5      | Found a sacrificial altar of Ru.
  2804 | D:5      | Slain by an ogre

Action                   |  1- 3 |  4- 6 || total
-------------------------+-------+-------++-------
Melee: Hand axe          |    75 |   104 ||   179
Invok: Berserk           |       |     1 ||     1
  Use: Potion            |       |     1 ||     1
  Eat: Chunk             |       |     2 ||     2
       Bread ration      |       |     1 ||     1
